 Dungeon Crawl Stone Soup version 0.20-a0-208-g55166f7 (webtiles) character file.

14399 feito the Fighter (level 12, -6/98 HPs)
             Began as a Formicid Fighter on Nov 25, 2016.
             Was a High Priest of Zin.
             Mangled by an ice beast (14 damage)
             ... summoned by Fannar
             ... on level 12 of the Dungeon.
             The game lasted 01:27:41 (13522 turns).

feito the Fighter (Formicid Fighter)               Turns: 13522, Time: 01:27:41

Health: -6/98      AC: 11    Str: 26    XL:     12   Next: 44%
Magic:  15/16      EV: 15    Int: 10    God:    Zin [*****.]
Gold:   882        SH: 12    Dex: 14    Spells: 11/11 levels left

rFire  + . .     SeeInvis +     p - +7 mace "Ruetib" {venom, rF+}
rCold  . . .     Gourm    .     F - +2 ring mail {MR+}
rNeg   + . .     Faith    +     c - +0 shield
rPois  ∞         Spirit   .     (helmet unavailable)
rElec  .         Reflect  .     a - +0 cloak
rCorr  .         Harm     .     (no gloves)
MR     ++...                    y - +0 pair of boots
Stlth  +++.......               h - amulet of faith
                                r - ring of poison resistance
                                u - ring of positive energy

@: vitalised
A: permanent stasis, dig shafts and tunnels, four strong arms, antennae 3
a: Dig, Shaft Self, Recite, Vitalisation, Imprison, Sanctuary, Donate Gold,
Renounce Religion


You were on level 12 of the Dungeon.
You worshipped Zin.
Zin was extremely pleased with you.
You were not hungry.

You visited 3 branches of the dungeon, and saw 14 of its levels.

You collected 979 gold pieces.
You donated 97 gold pieces to Zin.

Inventory:

Hand Weapons
 b - a +1 mace of holy wrath
 d - a +0 morningstar
 p - the +7 mace "Ruetib" (weapon) {venom, rF+}
   (You found it on level 5 of the Dungeon)

   It poisons the flesh of those it strikes.
   It protects you from fire.
 z - a +0 halberd of protection
Missiles
 C - 13 tomahawks (quivered)
 L - 4 tomahawks of returning
Armour
 a - a +0 cloak (worn)
 c - a +0 shield (worn)
 y - a +0 pair of boots (worn)
 F - a +2 ring mail of magic resistance (worn)
Jewellery
 h - an amulet of faith (around neck)
 r - a ring of poison resistance (right hand)
 u - a ring of positive energy (left hand)
 J - the amulet "Huthej" {rF+ MR+ Regen+}
   (You found it on level 9 of the Dungeon)

   [amulet of regeneration]

   It protects you from fire.
   It affects your resistance to hostile enchantments.
   It increases your rate of regeneration.
Wands
 k - a wand of lightning (1/15)
 n - a wand of digging (12/24)
 o - a wand of heal wounds (0/9)
 t - a wand of flame (12/48)
 w - a wand of teleportation (4/9)
 I - a wand of lightning (4/15)
 N - a wand of paralysis (15/24)
Scrolls
 e - 2 scrolls of enchant weapon
 g - 6 scrolls of identify
 i - 11 scrolls of remove curse
 s - 7 scrolls of teleportation {unknown}
 v - 2 scrolls of random uselessness {unknown}
 x - a scroll of magic mapping {unknown}
 E - 4 scrolls of amnesia
 K - a scroll of noise {unknown}
 P - a scroll of vulnerability {unknown}
 R - a scroll of summoning {unknown}
 S - a scroll of fear {unknown}
Potions
 j - a potion of magic {unknown}
 l - 2 potions of curing
 q - a potion of might
 G - 2 potions of flight
 H - 2 potions of invisibility {unknown}
 M - a potion of brilliance
Books
 D - a book of Misfortune

   Spells                             Type                      Level
   a - Confusing Touch                Hexes                        1
   b - Confuse                        Hexes                        3
   c - Gell's Gravitas                Hexes/Translocation          3
   d - Petrify                        Transmutation/Earth          4
   e - Metabolic Englaciation         Hexes/Ice                    5
   f - Yara's Violent Unravelling     Hexes/Transmutation          5
Comestibles
 f - 7 bread rations
 m - 3 royal jellies
 A - 5 meat rations


   Skills:
 * Level 10.5 Fighting
 + Level 9.0 Maces & Flails
 + Level 8.7 Armour
 + Level 6.3 Dodging
 + Level 8.0 Stealth
 + Level 9.2 Shields
 + Level 6.2 Invocations


You had 11 spell levels left.
You didn't know any spells.

Dungeon Overview and Level Annotations

Branches:
Dungeon (12/15)            Temple (0/1) D:7            Lair (1/6) D:11
    Orc (1/2) D:10

Altars:
Fedhas
Kikubaaqudgha
Trog
Uskayaw
Vehumet
Zin

Annotations:
D:12 Fannar


Innate Abilities, Weirdness & Mutations

You cannot be hasted, slowed, berserked, paralysed or teleported.
You can dig through walls and to a lower floor.
Your four strong arms can wield two-handed weapons with a shield.
You have a pair of large antennae on your head. (SInv)


Message History

You miss Fannar.
Fannar is moderately wounded.
Fannar points at you and mumbles some strange words.
The bolt of cold hits you!
* * * LOW HITPOINT WARNING * * *
It was a potion of curing.
You feel better.
You have got your breath back.
Fannar is lost in a daze.
Autopickup is now off.
Autopickup is now on.
You fail to use your ability.
Fannar casts a spell.
Autopickup is now off.
Autopickup is now on.
You fail to use your ability.
Fannar hits you but does no damage. You block the ice beast's attack.
You fail to use your ability.
The ice beast hits you.
* * * LOW HITPOINT WARNING * * *
The ice beast freezes you!
You die...

....# ##'##
#+# #.# #.#
##.# #.#
#..# #.#
#.## #.# #.#
#.# ..# #e#
.## #@# .#
#Y# ## #.# #
#.# # ##.# #
#..# #####
#.## ....#
####'#######
.^..####
#...........


You could see Fannar (dazed) and an ice beast.

Vanquished Creatures
  Nessos (D:12)
  A death knight (D:12)
  An orc knight (Orc:1)
  3 hill giants
  2 ugly things
  Joseph (D:9)
  Maurice (D:8)
  A gargoyle (D:10)
  A komodo dragon (Lair:1)
  3 two-headed ogres
  Prince Ribbit (D:8)
  3 hippogriffs
  Sigmund (D:3)
  3 wyverns
  A spriggan (D:10)
  7 yaks
  4 vampire mosquitoes (D:12)
  A soldier ant (D:10)
  Duvessa (D:4)
  A hornet zombie (D:12)
  4 phantoms
  7 orc warriors
  2 black bears
  4 ogres
  A necrophage (D:9)
  7 centaurs
  A big kobold (D:11)
  Blork the orc (D:5)
  9 bullfrogs
  Dowan (D:4)
  2 scorpions
  3 killer bees (D:8)
  3 howler monkeys
  5 crimson imps
  A centaur zombie (D:7)
  3 jellies
  2 gnoll shamans
  5 hounds
  9 orc priests
  Crazy Yiuf (D:5)
  2 bullfrog skeletons
  A centaur skeleton (D:6)
  6 iguanas
  17 orc wizards
  9 worker ants
  2 hound skeletons
  2 worker ant zombies
  12 gnolls
  A howler monkey skeleton (D:6)
  8 adders
  4 shadow imps
  2 oozes
  An adder zombie (D:7)
  An adder skeleton (D:9)
  A worm (D:3)
  A dart slug (D:1)
  7 leopard geckos
  53 orcs
  4 bats
  4 giant cockroaches
  5 goblins
  4 hobgoblins
  12 jackals
  8 kobolds
  4 quokkas
  A ball python (D:1)
  5 frilled lizards
  A jackal zombie (D:5)
  A leopard gecko zombie (D:8)
  A quokka skeleton (D:4)
  5 rats
294 creatures vanquished.

Notes
Turn   | Place    | Note
-------+----------+-------------------------------------------
     0 | D:1      | feito the Formicid Fighter began the quest for the Orb.
     0 | D:1      | Reached XP level 1. HP: 18/18 MP: 1/1
   125 | D:1      | Reached XP level 2. HP: 13/24 MP: 2/2
   703 | D:1      | Reached XP level 3. HP: 26/29 MP: 3/3
  1130 | D:2      | You fall through a shaft for 2 floors!
  1139 | D:4      | Reached skill level 1 in Dodging
  1167 | D:3      | Reached XP level 4. HP: 27/35 MP: 4/4
  1206 | D:3      | Found a faded altar of an unknown god.
  1321 | D:3      | Noticed Sigmund
  1761 | D:3      | Killed Sigmund
  1761 | D:3      | Reached XP level 5. HP: 16/42 MP: 5/5
  1761 | D:3      | Reached XP level 6. HP: 18/48 MP: 6/6
  1992 | D:3      | Reached skill level 5 in Maces & Flails
  2308 | D:4      | Noticed a phantom
  2320 | D:4      | Reached skill level 5 in Shields
  2320 | D:4      | Reached XP level 7. HP: 26/53 MP: 7/7
  2603 | D:4      | Reached skill level 4 in Fighting
  2675 | D:4      | Noticed Duvessa
  2679 | D:4      | Noticed Dowan
  3083 | D:4      | Killed Duvessa
  3307 | D:4      | Killed Dowan
  3307 | D:4      | Reached XP level 8. HP: 60/60 MP: 8/8
  3414 | D:3      | HP: 1/60 [phantom (7)]
  4071 | D:4      | Reached skill level 1 in Stealth
  4081 | D:4      | Reached skill level 5 in Armour
  4261 | D:5      | Entered Level 5 of the Dungeon
  4290 | D:5      | Noticed Blork the orc
  4832 | D:5      | Killed Blork the orc
  4832 | D:5      | Reached skill level 5 in Fighting
  5274 | D:4      | Reached XP level 9. HP: 24/68 MP: 9/9
  5506 | D:5      | Found a bloodstained altar of Trog.
  5640 | D:5      | Found a hide-covered altar of Uskayaw.
  5644 | D:5      | Found an ancient bone altar of Kikubaaqudgha.
  5644 | D:5      | Found a glowing silver altar of Zin.
  6016 | D:5      | Found a runed door.
  6020 | D:5      | Noticed Crazy Yiuf
  6026 | D:5      | Killed Crazy Yiuf
  6033 | D:5      | Got a crude mace
  6034 | D:5      | Identified the +7 mace "Ruetib" {venom, rF+} (You found it on level 5 of the Dungeon)
  6207 | D:5      | Became a worshipper of Zin the Law-Giver
  6207 | D:5      | Reached * piety under Zin
  6363 | D:6      | Reached ** piety under Zin
  6689 | D:6      | Reached *** piety under Zin
  6762 | D:6      | Noticed a hill giant
  6770 | D:6      | Killed a hill giant
  6770 | D:6      | Reached skill level 6 in Fighting
  6770 | D:6      | Reached skill level 1 in Invocations
  7121 | D:6      | Noticed a hippogriff
  7134 | D:6      | Killed a hippogriff
  7464 | D:7      | Found a blossoming altar of Fedhas.
  7507 | D:7      | Reached XP level 10. HP: 76/77 MP: 11/11
  7564 | D:7      | Reached skill level 7 in Fighting
  7702 | D:7      | Found a staircase to the Ecumenical Temple.
  7882 | D:7      | Reached **** piety under Zin
  8142 | D:8      | Reached skill level 5 in Stealth
  8232 | D:8      | Found an ancient bone altar of Kikubaaqudgha.
  8272 | D:8      | Noticed Maurice
  8305 | D:8      | Killed Maurice
  8454 | D:8      | Found a radiant altar of Vehumet.
  8566 | D:8      | Reached ***** piety under Zin
  8963 | D:8      | Noticed Prince Ribbit
  8990 | D:8      | Killed Prince Ribbit
  9336 | D:9      | Got an ancient lead amulet
  9383 | D:9      | Reached skill level 8 in Fighting
  9632 | D:9      | Reached skill level 5 in Dodging
  9717 | D:9      | Reached XP level 11. HP: 39/87 MP: 14/14
  9723 | D:9      | Noticed Joseph
  9986 | D:9      | Killed Joseph
 10453 | D:10     | Entered Level 10 of the Dungeon
 10485 | D:10     | Found a staircase to the Orcish Mines.
 10744 | D:10     | Reached skill level 9 in Fighting
 10840 | D:10     | Noticed a hill giant
 10881 | D:10     | Killed a hill giant
 10881 | D:10     | Reached skill level 5 in Invocations
 11138 | D:10     | Reached ****** piety under Zin
 11149 | D:11     | Found a staircase to the Lair.
 11253 | D:11     | Noticed a cyan ugly thing
 11272 | D:11     | Killed a cyan ugly thing
 11280 | D:11     | Found Ruadeok's Elemental Accessories.
 11338 | D:11     | Noticed a hill giant
 11609 | D:11     | Killed a hill giant
 11612 | D:11     | Identified the amulet "Huthej" {rF+ MR+ Regen+} (You found it on level 9 of the Dungeon)
 11994 | Lair:1   | Entered Level 1 of the Lair of Beasts
 12102 | Lair:1   | Noticed a seven-headed hydra
 12348 | D:12     | Noticed a death knight
 12377 | D:12     | Killed a death knight
 12377 | D:12     | Reached skill level 10 in Fighting
 12377 | D:12     | Reached XP level 12. HP: 60/97 MP: 16/16
 12414 | D:12     | Noticed Nessos
 12689 | Orc:1    | Entered Level 1 of the Orcish Mines
 12974 | D:10     | You fall through a shaft for 2 floors!
 12988 | D:12     | Killed Nessos
 13505 | D:12     | Noticed Fannar
 13522 | D:12     | Mangled by an ice beast

Vault maps used:
D:1:      minmay_arrival_plants_in_alcoves, nrook_mini_vaults
D:3:      chequers_ecumenical_altar_simple_redux, first_bread, uniq_sigmund
D:4:      uniq_duvessa
D:5:      grunt_temple_overflow_open, kennysheep_generic_room_14,
          uniq_crazy_yiuf_cottage, uniq_blork_the_orc
D:6:      minmay_small_thing
D:7:      hangedman_decor_lopped, fedhas_altar_3
D:8:      vehumet_crystals, basic_altar, uniq_maurice, uniq_prince_ribbit1
D:9:      uniq_joseph
D:10:     serial_gnoll_camp, gnoll_camp_mini_hut, gnoll_camp_mini_loothouse,
          the_bakery
D:11:     lair_entry_dummy, nicolae_elemental_shop
D:12:     serial_glass, glass_columns_b, glass_columns_b, uniq_nessos,
          uniq_harold, uniq_fannar
Lair:1:   minmay_lair_oklob_items, uniq_gastronok

Skill      XL: |  1  2  3  4  5  6  7  8  9 10 11 12 |
---------------+-------------------------------------+-----
Dodging        | 1 2 3 4 5 6 |  6.3
Maces & Flails | 4 5 6 7 8 9 |  9.0
Shields        | 4 5 6 7 8 9 |  9.2
Armour         | 4 5 6 7 8 |  8.7
Fighting       | 4 5 6 8 10 | 10.5
Stealth        | 2 4 5 7 8 |  8.0
Invocations    | 2 4 5 6 |  6.2

Action                   |  1- 3 |  4- 6 |  7- 9 | 10-12 || total
-------------------------+-------+-------+-------+-------++-------
Melee: Flail             |   100 |   124 |   250 |       ||   474
       Halberd           |       |       |   152 |       ||   152
       Unarmed           |       |       |     4 |       ||     4
       Mace              |       |       |    91 |   573 ||   664
Throw: Tomahawk          |       |       |     4 |     8 ||    12
Invok: Recite            |       |       |     1 |    16 ||    17
       Vitalisation      |       |       |     1 |     4 ||     5
       Imprison          |       |       |       |     3 ||     3
       Sanctuary         |       |       |       |     2 ||     2
 Abil: Dig               |       |       |       |     2 ||     2
       Shaft Self        |       |       |       |     1 ||     1
Evoke: Wand              |       |       |     2 |       ||     2
  Use: Scroll            |     2 |       |     6 |     3 ||    11
       Potion            |       |     2 |     6 |     7 ||    15
 Stab: Confused          |       |       |     1 |     6 ||     7
       Distracted        |       |       |     1 |       ||     1
       Invisible         |       |       |       |     3 ||     3
       Sleeping          |       |       |       |     6 ||     6
       Paralysed         |       |       |       |     1 ||     1
  Eat: Chunk             |     1 |     4 |    10 |     6 ||    21
       Pizza             |       |       |     1 |     2 ||     3
       Fruit             |       |       |     2 |     1 ||     3
       Bread ration      |       |       |     1 |     2 ||     3
       Beef jerky        |       |       |       |     3 ||     3
Armor: Scale mail        |    39 |    54 |   154 |    48 ||   295
       Ring mail         |       |       |       |    73 ||    73
Dodge: Dodged            |    34 |    57 |   176 |   228 ||   495
Block: Shield            |    61 |    70 |   233 |   285 ||   649
